 Dungeon Crawl Stone Soup version 0.28.0-43-g3370ac3207 (webtiles) character file.

Game seed: 8697538009095119046

1937 cehos the Basher (level 9, -2/78 HPs)
             Began as a Hill Orc Berserker on Mar 11, 2022.
             Was a Believer of Trog.
             Slain by a killer bee zombie (4 damage)
             ... on level 6 of the Dungeon.
             The game lasted 00:21:30 (6327 turns).

cehos the Basher (Hill Orc Berserker)               Turns: 6327, Time: 00:21:31

Health: -2/78      AC: 13    Str: 22    XL:     9   Next: 18%
Magic:  9/9        EV:  7    Int: 10    God:    Trog [**....]
Gold:   254        SH:  0    Dex: 12    Spells: 8/8 levels left

rFire   . . .      SeeInvis .   f - +1 mace (vamp)
rCold   . . .      Faith    .   (no shield)
rNeg    . . .      Spirit   .   s - +0 plate armour
rPois   +          Reflect  .   w - +2 helmet of Light {Int+5}
rElec   .          Harm     .   (no cloak)
rCorr   .          Rampage  .   (no gloves)
Will    .....                   B - +0 pair of boots
Stlth   ..........              (no amulet)
HPRegen 0.23/turn               (no ring)
MPRegen 0.11/turn               (no ring)

@: no status effects
A: talons 1, deformed body, dopey 1, poison resistance
a: Renounce Religion, Berserk, Trog's Hand


You were on level 6 of the Dungeon.
You worshipped Trog.
Trog was pleased with you.
You visited 1 branch of the dungeon, and saw 6 of its levels.

You collected 254 gold pieces.

Inventory:

Hand Weapons
 a - a +0 hand axe
 f - a +1 vampiric mace (weapon)
 E - a +2 whip of flaming
 F - a +1 vorpal dire flail
Missiles
 i - 6 silver boomerangs (quivered)
 t - 3 poisoned darts
 u - 5 curare-tipped darts
 z - 11 bolts
Armour
 b - a +0 animal skin
 d - a +0 scale mail
 n - a +0 scale mail
 s - a +0 plate armour (worn)
 w - the +2 helmet of Light (worn) {Int+5}
   (You took it off Robin on level 3 of the Dungeon)

   Int:       It affects your intelligence (+5).
 B - a +0 pair of boots (worn)
Wands
 x - a wand of charming (20)
Scrolls
 c - a scroll of silence
 k - a scroll of acquirement {unknown}
 m - a scroll of magic mapping {unknown}
 p - a scroll of holy word {unknown}
 q - a scroll of teleportation {unknown}
 D - a scroll of torment {unknown}
 G - 4 scrolls of amnesia {unknown}
Potions
 e - a potion of lignification {unknown}
 g - a potion of mutation
 h - 2 potions of magic {unknown}
 l - a potion of haste {unknown}
 v - 2 potions of curing {unknown}
 A - 2 potions of brilliance {unknown}
 C - a potion of ambrosia {unknown}
 H - a potion of flight {unknown}
 I - a potion of degeneration {unknown}


   Skills:
 + Level 6.8 Fighting
 + Level 4.5(7.9) Axes
 + Level 8.5(8.8) Maces & Flails
 + Level 1.1 Throwing
 + Level 7.3 Armour
 + Level 2.0 Dodging
 + Level 0.9 Stealth


You had 8 spell levels left.
You didn't know any spells.
Your spell library contained the following spells:

 Spells                   Type           Power      Damage    Failure   Level
 Beastly Appendage        Tmut           0%         N/A       99%         1
 Sting                    Tmut/Pois      0%         1d3       99%         1
 Poisonous Vapours        Pois/Air       0%         N/A       100%        2
 Wereblood                Tmut           0%         N/A       100%        2
 Gell's Gravitas          Tloc           0%         N/A       100%        3
 Spider Form              Tmut/Pois      0%         N/A       100%        3
 Teleport Other           Tloc           0%         N/A       100%        3
 Olgreb's Toxic Radiance  Pois           0%         N/A       100%        4
 Dispersal                Tloc           0%         N/A       100%        6


Dungeon Overview and Level Annotations

Branches:
Dungeon (6/15)
 Temple: D:4-7

Altars:
Dithmenos
Ru
Uskayaw
Wu Jian


Innate Abilities, Weirdness & Mutations

You have sharp toenails.
Armour fits poorly on your strangely shaped body.
You are dopey. (Int -2)
Your system is resistant to poisons. (rPois)


Message History

Found a scroll labelled SUEJYVVE IMIL.
Found a stone staircase leading up.
An orc wizard appears from thin air!
Reactivating autopickup.
A water moccasin comes into view.
The water moccasin hisses angrily.
The water moccasin bites you but does no damage.
You hit the water moccasin.
The water moccasin is lightly wounded.
The water moccasin bites you but does no damage.
You miss the water moccasin.
The water moccasin is lightly wounded.
The water moccasin bites you.
* * * LOW HITPOINT WARNING * * *
The water moccasin bites you but does no damage.
As you read the scroll of fog, it crumbles to dust.
The scroll dissolves into smoke.
The water moccasin bites you but does no damage.
Found a scroll of identify.
A killer bee zombie comes into view.
The orc warrior hits you with a +0 war axe!
* * * LOW HITPOINT WARNING * * *
You thump the orc warrior!
You feel better.
The orc warrior is moderately wounded.
The orc warrior closely misses you.
You barely miss the orc warrior.
The orc warrior is moderately wounded.
The orc warrior hits you but does no damage.
You hit the orc warrior but do no damage.
The orc warrior is moderately wounded.
The orc warrior hits you with a +0 war axe!
* * * LOW HITPOINT WARNING * * *
You barely miss the orc warrior.
The orc warrior is moderately wounded.
The killer bee zombie barely misses you.
The orc warrior barely misses you.
You hit the killer bee zombie.
The killer bee zombie is lightly damaged.
The killer bee zombie hits you but does no damage.
The killer bee zombie hits you.
You die...

....##...........<.......
.......................##
......................##.
..... #...ooo............
#...#...o).....).......
#o.##.###.#......##.
#.###..#####§...../....
#...[.o###§§##........
#.....§§So@§§.........
#.....§§##§Z§.##......
#......§####..# ......
##....<## .... #......#
#.... ##...### ?... ####
... ..


You could see an orc warrior, a water moccasin and a killer bee zombie.

Vanquished Creatures
  Pikel (D:4)
  A wraith (D:5)
  Edmund (D:4)
  A sky beast (D:5)
  A black bear (D:5)
  2 ogres
  A phantom (D:5)
  A water moccasin zombie (D:5)
  A scorpion (D:5)
  A howler monkey (D:3)
  A jelly (D:5)
  2 orc priests (D:6)
  4 bullfrog skeletons
  A gnoll shaman (D:5)
  A scorpion zombie (D:5)
  A hound skeleton (D:4)
  Robin (D:3)
  8 gnolls (D:5)
  9 adders
  2 shadow imps (D:5)
  A worm (D:2)
  13 orcs
  5 ball pythons
  A bat (D:3)
  6 endoplasms
  5 giant cockroaches
  7 goblins
  2 hobgoblins
  2 jackals (D:3)
  3 kobolds (D:4)
  3 quokkas
  5 frilled lizards
  6 rats
100 creatures vanquished.

Vanquished Creatures (collateral kills)
  A hound (D:5)
  A jelly (D:5)
  An iguana (D:5)
3 creatures vanquished.

Grand Total: 103 creatures vanquished

Notes
Turn   | Place    | Note
-------+----------+-------------------------------------------
     0 | D:1      | cehos the Hill Orc Berserker began the quest for the Orb.
     0 | D:1      | Reached XP level 1. HP: 19/19 MP: 1/1
  1170 | D:1      | Found a faded altar of an unknown god.
  1175 | D:1      | Reached XP level 2. HP: 27/27 MP: 2/2
  1949 | D:2      | Gained mutation: Armour fits poorly on your strangely
                  | shaped body. [potion of mutation]
  1949 | D:2      | Gained mutation: Your system is resistant to poisons.
                  | (rPois) [potion of mutation]
  1949 | D:2      | Gained mutation: You are dopey. (Int -2) [potion of
                  | mutation]
  1949 | D:2      | Gained mutation: You have sharp toenails. [potion of
                  | mutation]
  2001 | D:2      | Reached XP level 3. HP: 28/33 MP: 3/3
  2201 | D:2      | Reached skill level 1 in Maces & Flails
  2568 | D:3      | Identified the +2 helmet of Light {Int+5}
  2568 | D:3      | Noticed Robin
  2579 | D:3      | Killed Robin
  2801 | D:3      | Reached XP level 4. HP: 31/41 MP: 4/4
  2894 | D:3      | Reached skill level 2 in Maces & Flails
  3419 | D:3      | Reached ** piety under Trog
  3559 | D:3      | Reached XP level 5. HP: 46/47 MP: 5/5
  4063 | D:4      | Found a sand-covered staircase.
  4378 | D:4      | Noticed Pikel
  4378 | D:4      | Noticed a lemure
  4379 | D:4      | Noticed a lemure
  4380 | D:4      | Noticed a lemure
  4380 | D:4      | Noticed a lemure
  4390 | D:4      | Killed Pikel
  4391 | D:4      | Reached skill level 5 in Fighting
  4391 | D:4      | Reached skill level 5 in Maces & Flails
  4391 | D:4      | Reached skill level 5 in Armour
  4391 | D:4      | Reached XP level 6. HP: 56/56 MP: 6/6
  4391 | D:4      | Reached XP level 7. HP: 61/61 MP: 7/7
  4395 | D:4      | Noticed Edmund
  4452 | D:4      | Killed Edmund
  4609 | D:4      | Found a shadowy altar of Dithmenos.
  4757 | D:4      | Reached skill level 6 in Maces & Flails
  4757 | D:4      | Reached XP level 8. HP: 55/70 MP: 8/8
  4879 | D:5      | Entered Level 5 of the Dungeon
  4921 | D:5      | Noticed a wraith
  4951 | D:5      | Found a hide-covered altar of Uskayaw.
  4979 | D:5      | Killed a wraith
  4980 | D:5      | Reached skill level 7 in Maces & Flails
  5399 | D:5      | Found a sacrificial altar of Ru.
  5481 | D:5      | Reached skill level 8 in Maces & Flails
  5533 | D:5      | Reached skill level 1 in Throwing
  5533 | D:5      | Reached XP level 9. HP: 62/78 MP: 9/9
  5779 | D:5      | Found an ornate altar of the Wu Jian Council.
  6325 | D:6      | HP: 2/78 [orc warrior/+0 war axe (11)]
  6327 | D:6      | Slain by a killer bee zombie

Illustrated notes

Levels and vault maps discovered:
D:1:      dpeg_arrival_circle_labyrinth_a, layout_basic,
          hellmonk_ecumenical_altar_arch_garden
D:2:      layout_loops_ring, roderic_lattice_a
D:3:      layout_basic, chequers_serial_rivers_large_b, uniq_robin
D:4:      layout_loops_corners, mainiacjoe_overflow_brackets, enter_ossuary_2,
          uniq_edmund, uniq_pikel
D:5:      cheibrodos_barr_body, layout_rooms, mainiacjoe_overflow_24_doors,
          general_overflow_altar, mainiacjoe_overflow_small_starburst
D:6:      layout_cave_pools, temple_statues, uniq_blork_the_orc

Skill      XL: |  1  2  3  4  5  6  7  8 |
---------------+-------------------------+-----
Fighting       | 4 5 6 |  6.8
Maces & Flails | 1 2 5 6 8 |  8.5
Armour         | 3 5 7 |  7.3
Dodging        | 2 |  2.0
Throwing       | 1 |  1.1
Axes           | |  4.5
Stealth        | |  0.9

Action                   |  1- 3 |  4- 6 |  7- 9 || total
-------------------------+-------+-------+-------++-------
Melee: Hand axe          |    24 |       |       ||    24
       Mace              |    80 |    79 |   210 ||   369
       Kick              |    12 |     4 |       ||    16
       Punch             |       |       |     3 ||     3
Throw: Boomerang         |       |       |    11 ||    11
Invok: Berserk           |     1 |     2 |     2 ||     5
       Trog's Hand       |       |       |     3 ||     3
  Use: Scroll            |     3 |       |     9 ||    12
       Potion            |     1 |       |       ||     1
Armor: Scale mail        |    22 |       |       ||    22
       Plate armour      |    32 |    73 |   195 ||   300
Dodge: Dodged            |    49 |    23 |   104 ||   176
